 Dungeon Sprint DCSS version 0.30.1-4-g462c640d31 (webtiles) character file.

Game seed: 14694866027479378898

17991 Heoruswealwe the Ninja (level 12, -8/68 HPs)
             Began as a Spriggan Artificer on Sept 7, 2023.
             Was an Initiate of Gozag.
             Mangled by a daeva
             ... wielding a +4 long sword of holy wrath
              (30 damage)
             ... in the Dungeon (Sprint I: "Red Sonja").
             The game lasted 01:01:57 (3067 turns).

Heoruswealwe the Ninja (Spriggan Artificer)         Turns: 3067, Time: 01:01:58

Health: -8/68      AC:  9    Str:  8    XL:     12   Next: 23%
Magic:  13/13      EV: 34    Int: 17    God:    Gozag
Gold:   588        SH:  0    Dex: 19    Spells: 11/11 levels left

rFire   + . .        a - +5 rapier (spect)
rCold   . . .        (no shield)
rNeg    + . .        s - +2 robe {rN+}
rPois   .            g - +2 hat {Int+3}
rElec   .            h - +2 cloak {Stlth+}
rCorr   .            (gloves unavailable)
SInv    +            (boots unavailable)
Will    ++...        (no amulet)
Stlth   +++++        k - ring of flight
HPRegen 0.31/turn    j - ring of protection from fire
MPRegen 0.13/turn

%: no teleportation
@: mighty, flying, hasted, glowing, very quick
A: very small, no large weapons, unfitting armour, see invisible, speed 3
a: Renounce Religion, Potion Petition, Call Merchant, Bribe Branch


You were in the Dungeon.
You worshipped Gozag.
Gozag was pleased with you.
You visited 1 branch You collected 8873 gold pieces.
You spent 6232 gold pieces at shops.
You donated 35 gold pieces to Zin.
You paid 2018 gold pieces to Gozag.

Inventory:

Hand Weapons
 a - a +5 spectral rapier (weapon)
Armour
 c - the +1 robe of Sitost {rC++}
   (You bought it in a shop in the Dungeon)

   rC:        It greatly protects you from cold.
 g - a +2 hat of intelligence (worn)
 h - a +2 cloak of stealth (worn)
 i - the +5 swamp dragon scales of Precision Catastrophes {Rampage rPois SInv}
   (You bought it in a shop in the Dungeon)

   rPois:     It protects you from poison.
   SInv:      It lets you see invisible.
   Rampage:   It bestows one free step when moving towards enemies.
 p - a scarf of invisibility
 s - a +2 robe of positive energy (worn)
 t - a +2 cloak of willpower
Jewellery
 j - a ring of protection from fire (right hand)
 k - a ring of flight (left hand)
Wands
 d - a wand of charming (13)
 n - a wand of flame (25)
 q - a wand of digging (5)
 r - a wand of polymorph (7)
Scrolls
 l - 2 scrolls of enchant armour
 o - a scroll of silence
 y - a scroll of blinking
Potions
 f - 8 potions of curing
 m - 6 potions of mutation
 u - a potion of invisibility
 w - 2 potions of heal wounds
 z - a potion of cancellation
 A - a potion of haste
Miscellaneous
 e - a lightning rod (4/4)


   Skills:
 + Level 10.5 Fighting
 + Level 13.4 Short Blades
 * Level 19.9 Dodging
 O Level 27 Stealth
 + Level 16.2 Evocations


You had 11 spell levels left.
You didn't know any spells.
Your spell library contained the following spells:

 Spells                   Type           Power      Damage    Failure   Level
 Foxfire                  Conj/Fire      0%         2x1d4     24%         1
 Scorch                   Fire           0%         2d5       34%         2
 Flame Wave               Conj/Fire      0%         2d4       93%         4
 Fireball                 Conj/Fire      0%         3d3       100%        5
 Plasma Beam              Fire/Air       0%         2x1d11    100%        6
 Starburst                Conj/Fire      0%         6d3       100%        6
 Summon Cactus Giant      Summ           0%         N/A       100%        6


Dungeon Overview and Level Annotations

Branches:
Dungeon (1/1)

Altars:
Cheibriados
Dithmenos
Elyvilon
Fedhas
Gozag
Hepliaklqana
Kikubaaqudgha
Makhleb
Nemelex Xobeh
Okawaru
Qazlal
Ru
Sif Muna
Trog
Uskayaw
Vehumet
Wu Jian
Xom
Yredelemnul
Zin
The Shining One
Jiyva
Lugonu

Shops:
D ((**[=:(?:[[![![=(([?[[!=


Innate Abilities, Weirdness & Mutations

You are very small and have problems with some larger weapons.
You are too small for most types of armour.
You have supernaturally acute eyesight. (SInv)
You cover ground extremely quickly. (Speed+++)


Message History

The daeva blocks your attack.
Your +5 spectral rapier hits the daeva.
You hit the daeva.
The daeva is lightly wounded.
Your +5 spectral rapier hits the daeva!
The daeva calls down the wrath of the Shining One upon you.
The Shining One smites you! The daeva blocks your attack.
The daeva is lightly wounded.
The daeva blocks your +5 spectral rapier's attack.
You puncture the daeva!
The daeva is moderately wounded.
Your +5 spectral rapier hits the daeva!
The daeva blocks your attack.
The daeva is moderately wounded.
Your +5 spectral rapier barely misses the daeva.
The daeva calls down the wrath of the Shining One upon you.
The Shining One smites you! The daeva blocks your attack.
The daeva is moderately wounded.
The daeva blocks your +5 spectral rapier's attack.
You puncture the daeva!
The daeva is heavily wounded.
Your +5 spectral rapier barely misses the daeva.
You puncture the daeva!
The daeva is heavily wounded.
Your +5 spectral rapier barely misses the daeva.
The daeva calls down the wrath of the Shining One upon you.
The Shining One smites you! The daeva blocks your attack.
The daeva is heavily wounded.
Your +5 spectral rapier hits the daeva!
You closely miss the daeva.
The daeva is heavily wounded.
The daeva blocks your +5 spectral rapier's attack.
The daeva blocks your attack.
The daeva is heavily wounded.
Your +5 spectral rapier hits the daeva.
The daeva hits you with a +4 long sword of holy wrath!!
You die...
Your body crumbles into a pile of gold.

###########################******
#.(#.§..'.§...§+..#..+§§§§#,,,$$$
##'#§####§§§.§##..+..#§§§§##,,$$$
'..#§#[###§..#######+#§§§§.#####$
#..+§#'#.###'#|[$##,,#.§.§§#!..#$
#+####...#.#.##$$$#,,##§§§§#?∩.#$
.....#..)..#..##.$#,,~###+##...#$
.○°.°+.....##.#A($#,,~,,#?####+#$
##°○.#.....#..##@$#,,~,##+#§§§.##
.#°°.###++##.##..$#,,~##§§.§§§§§#
.#☼○###..###..#'###,,~#§§.§§.....
.#..####..###...#,~,,##§§§.§§..§.
.##'#..#..#°###.#,~,,#..§...§.§..
.##(#...○.....#.#**,,#.....[.....
§####..○......#.#,+,,##..........
§#)('..○...####+#,**'*#..........
§#####...###,,,,*,*~~~##........#


You could see a daeva and a friendly +5 spectral rapier.

Vanquished Creatures
  A golden dragon (D)
  A shadow dragon (D)
  A lorocyproca (D)
  A hydra (D)
  2 centaur warriors (D)
  Sonja (D)
  A deep troll (D)
  A lindwurm (D)
  8 shining eyes (D)
  An oklob plant (D)
  A demonic crawler (D)
  A gargoyle (D)
  2 kobold demonologists (D)
  7 unseen horrors (D)
  A hornet (D)
  A meliai (D)
  Sigmund (D)
  A slime creature (D)
  A yak (D)
  13 hogs (D)
  2 redbacks (D)
  7 floating eyes (D)
  An ogre (D)
  7 necrophages (D)
  8 jellies (D)
  Ijyb (D)
  A ballistomycete spore (D)
74 creatures vanquished.

Vanquished Creatures (collateral kills)
  2 demonic crawlers (D)
2 creatures vanquished.

Vanquished Creatures (others)
  A demonic crawler (D)
  A ballistomycete spore (D)
  3 spectral weapons (D)
5 creatures vanquished.

Grand Total: 81 creatures vanquished

Notes
Turn   | Place    | Note
-------+----------+-------------------------------------------
     0 | D        | Heoruswealwe the Spriggan Artificer began the quest for the
                  | Orb.
     0 | D        | Reached XP level 1. HP: 9/9 MP: 2/2
     1 | D        | Noticed Ijyb
     9 | D        | Killed Ijyb
    10 | D        | Reached skill level 9 in Stealth
    10 | D        | Reached XP level 2. HP: 9/14 MP: 3/3
    61 | D        | Noticed an ogre
    66 | D        | Killed an ogre
    67 | D        | Reached skill level 14 in Stealth
    67 | D        | Reached XP level 3. HP: 17/17 MP: 4/4
    67 | D        | Reached XP level 4. HP: 21/21 MP: 5/5
    76 | D        | Noticed Sigmund
    79 | D        | Killed Sigmund
    80 | D        | Reached skill level 18 in Stealth
    80 | D        | Reached XP level 5. HP: 25/25 MP: 6/6
    80 | D        | Reached XP level 6. HP: 29/29 MP: 7/7
    91 | D        | Found an ornate altar of the Wu Jian Council.
    91 | D        | Found a shimmering blue altar of Sif Muna.
    93 | D        | Found a radiant altar of Vehumet.
   109 | D        | Reached skill level 19 in Stealth
   142 | D        | Found Dineuh's Assorted Antiques.
   142 | D        | Found an ancient bone altar of Kikubaaqudgha.
   142 | D        | Found a hazy altar of Hepliaklqana.
   142 | D        | Found a stormy altar of Qazlal.
   142 | D        | Found a hide-covered altar of Uskayaw.
   142 | D        | Found a blossoming altar of Fedhas.
   142 | D        | Found a bloodstained altar of Trog.
   142 | D        | Found an iron altar of Okawaru.
   142 | D        | Found a basalt altar of Yredelemnul.
   142 | D        | Found a glowing golden altar of the Shining One.
   142 | D        | Found a snail-covered altar of Cheibriados.
   142 | D        | Found a sacrificial altar of Ru.
   142 | D        | Found a glowing silver altar of Zin.
   142 | D        | Found a shadowy altar of Dithmenos.
   142 | D        | Found a white marble altar of Elyvilon.
   142 | D        | Noticed a yak
   143 | D        | Found an opulent altar of Gozag.
   144 | D        | Killed a yak
   145 | D        | Reached skill level 21 in Stealth
   145 | D        | Found a sparkling altar of Nemelex Xobeh.
   150 | D        | Became a worshipper of Zin the Law-Giver
   150 | D        | Reached * piety under Zin
   150 | D        | Reached ** piety under Zin
   150 | D        | Reached *** piety under Zin
   150 | D        | Reached **** piety under Zin
   150 | D        | Reached ***** piety under Zin
   150 | D        | Reached ****** piety under Zin
   153 | D        | Bought a glowing rapier for 161 gold pieces
   153 | D        | Bought a scroll labelled CALOGE HAOGI for 23 gold pieces
   153 | D        | Bought a viscous grey potion for 20 gold pieces
   153 | D        | Bought a scroll labelled ETHRIERPHOUKH for 23 gold pieces
   164 | D        | Noticed Sonja
   168 | D        | Killed Sonja
   169 | D        | Reached skill level 25 in Stealth
   169 | D        | Reached XP level 7. HP: 32/32 MP: 8/8
   184 | D        | Found Xeirchao's Antique Weapon Boutique.
   195 | D        | Noticed a shining eye
   195 | D        | Noticed a shining eye
   195 | D        | Noticed a shining eye
   195 | D        | Noticed a shining eye
   195 | D        | Noticed a shining eye
   195 | D        | Noticed a shining eye
   198 | D        | Reached skill level 1 in Fighting
   198 | D        | Reached skill level 1 in Short Blades
   198 | D        | Reached XP level 8. HP: 37/37 MP: 9/9
   198 | D        | Noticed a shining eye
   198 | D        | Noticed a shining eye
   202 | D        | Killed a shining eye
   203 | D        | Reached skill level 5 in Dodging
   203 | D        | Killed a shining eye
   207 | D        | Paralysed by a floating eye for 4 turns
   208 | D        | Reached skill level 5 in Short Blades
   208 | D        | Reached XP level 9. HP: 45/45 MP: 10/10
   216 | D        | Killed a shining eye
   217 | D        | Reached skill level 26 in Stealth
   217 | D        | Killed a shining eye
   218 | D        | Reached skill level 5 in Fighting
   221 | D        | Paralysed by a floating eye for 4 turns
   250 | D        | Killed a shining eye
   273 | D        | Killed a shining eye
   290 | D        | Killed a shining eye
   291 | D        | Reached skill level 10 in Dodging
   291 | D        | Reached skill level 10 in Evocations
   291 | D        | Reached XP level 10. HP: 53/53 MP: 11/11
   311 | D        | Killed a shining eye
   312 | D        | Reached skill level 27 in Stealth
   330 | D        | Fell from the grace of Zin
   330 | D        | Became a worshipper of Gozag Ym Sagoz the Greedy
   349 | D        | Noticed a deep troll
   353 | D        | Killed a deep troll
   364 | D        | Found Uprotyt's Armour Emporium.
   406 | D        | Bought a potion of haste for 230 gold pieces
   434 | D        | Found Jatuxoho's Antique Armour Shop.
   434 | D        | Found Hueplan's General Store.
   434 | D        | Found Gukk's Jewellery Boutique.
   435 | D        | Found Gapluas's Weapon Shoppe.
   451 | D        | Bought a cloak for 121 gold pieces
   544 | D        | Found a burning altar of Makhleb.
   544 | D        | Found a viscous altar of Jiyva.
   544 | D        | Found a shimmering altar of Xom.
   544 | D        | Found a corrupted altar of Lugonu.
   583 | D        | Bought the +1 robe of Sitost {rC++} for 332 gold pieces
   602 | D        | Noticed a centaur warrior
   603 | D        | Noticed a centaur warrior
   606 | D        | Killed a centaur warrior
   608 | D        | Killed a centaur warrior
   634 | D        | Bought a +2 robe of positive energy for 161 gold pieces
   669 | D        | Noticed an oklob plant
   671 | D        | Killed an oklob plant
   697 | D        | Reached skill level 10 in Short Blades
   740 | D        | Reached XP level 11. HP: 33/60 MP: 12/12
   843 | D        | Identified the +0 pair of boots "Pastre" {+Blink rPois}
   932 | D        | Found Jixuciw's Antique Weapon Shoppe.
   932 | D        | Found Vimo Omobyko's Book Shop.
   932 | D        | Found Hyqiuno's Magic Scroll Boutique.
   938 | D        | Found Cotamp's Magic Scroll Boutique.
   938 | D        | Found Edghur's Distillery.
   938 | D        | Found Yqontoiz's Armour Emporium.
   944 | D        | Found Rusoiklisa's Antique Armour Boutique.
   944 | D        | Found Nupsacae's Weapon Shoppe.
   944 | D        | Found Tezyppyro's Distillery.
   944 | D        | Found Seuzuledearch's Antique Armour Emporium.
   944 | D        | Found Noothrus's Distillery.
   944 | D        | Found Caogh's Antique Armour Shoppe.
   944 | D        | Found Ryijeov's Armour Shop.
   948 | D        | Bought a +2 cloak of stealth for 301 gold pieces
   948 | D        | Found Xuall's Book Emporium.
   967 | D        | Bought a +3 rapier of distortion for 351 gold pieces
  1032 | D        | Bought a scroll of identify for 28 gold pieces
  1032 | D        | Bought a potion of resistance for 140 gold pieces
  1032 | D        | Bought a scroll of identify for 28 gold pieces
  1032 | D        | Bought a scroll of amnesia for 56 gold pieces
  1032 | D        | Bought a potion of flight for 42 gold pieces
  1032 | D        | Bought a potion of cancellation for 112 gold pieces
  1032 | D        | Bought a potion of lignification for 42 gold pieces
  1032 | D        | Bought a potion of mutation for 112 gold pieces
  1088 | D        | Bought a scroll of identify for 20 gold pieces
  1097 | D        | Bought a scroll of identify for 22 gold pieces
  1097 | D        | Bought a scroll of identify for 22 gold pieces
  1141 | D        | Bought the +5 swamp dragon scales of Precision Catastrophes
                  | {Rampage rPois SInv} for 948 gold pieces
  1148 | D        | Bought a scroll of brand weapon for 95 gold pieces
  1157 | D        | Bought a scroll of enchant weapon for 82 gold pieces
  1157 | D        | Bought a scroll of enchant weapon for 82 gold pieces
  1157 | D        | Bought a scroll of magic mapping for 82 gold pieces
  1204 | D        | Reached skill level 15 in Dodging
  1294 | D        | HP: 1/60 [demonic crawler (6)]
  1812 | D        | Noticed a lindwurm
  1816 | D        | Killed a lindwurm
  1941 | D        | Noticed a 12-headed hydra
  1943 | D        | Killed a 12-headed hydra
  2013 | D        | Noticed a shadow dragon
  2013 | D        | Noticed a golden dragon
  2019 | D        | Killed a shadow dragon
  2020 | D        | Reached skill level 15 in Evocations
  2040 | D        | Killed a golden dragon
  2041 | D        | Reached skill level 10 in Fighting
  2117 | D        | Found Zicloedgh's Jewellery Shoppe.
  2142 | D        | Bought a ring of flight for 210 gold pieces
  2142 | D        | Bought a ring of protection from fire for 300 gold pieces
  2327 | D        | Bought an embroidered hat for 217 gold pieces
  2327 | D        | Bought a runed scarf for 248 gold pieces
  2327 | D        | Bought a glowing cloak for 232 gold pieces
  2427 | D        | Reached XP level 12. HP: 67/67 MP: 13/13
  2486 | D        | Noticed a lorocyproca
  2497 | D        | HP: 1/67 [lorocyproca (13)]
  2511 | D        | Killed a lorocyproca
  2919 | D        | Bought a potion of invisibility for 88 gold pieces
  2919 | D        | Bought a potion of curing for 33 gold pieces
  2919 | D        | Bought a potion of mutation for 88 gold pieces
  2919 | D        | Bought a potion of ambrosia for 88 gold pieces
  2919 | D        | Bought a potion of curing for 33 gold pieces
  2919 | D        | Bought a potion of heal wounds for 55 gold pieces
  2919 | D        | Bought a potion of degeneration for 11 gold pieces
  2920 | D        | Bought a scroll of blinking for 75 gold pieces
  2920 | D        | Bought a scroll of enchant armour for 75 gold pieces
  2920 | D        | Bought a scroll of enchant armour for 75 gold pieces
  2924 | D        | Bought a potion of haste for 100 gold pieces
  2924 | D        | Bought a potion of heal wounds for 50 gold pieces
  2924 | D        | Bought a potion of curing for 30 gold pieces
  2924 | D        | Bought a potion of haste for 100 gold pieces
  2924 | D        | Bought a potion of curing for 30 gold pieces
  2924 | D        | Bought 2 potions of curing for 60 gold pieces
  2926 | D        | Bought a potion of attraction for 39 gold pieces
  2926 | D        | Bought a potion of mutation for 104 gold pieces
  2926 | D        | Bought a potion of might for 52 gold pieces
  2926 | D        | Bought a potion of curing for 39 gold pieces
  2930 | D        | Bought a scroll of enchant armour for 82 gold pieces
  2930 | D        | Bought a scroll of enchant armour for 82 gold pieces
  3011 | D        | Noticed a daeva
  3067 | D        | Mangled by a daeva

Illustrated notes

Levels and vault maps discovered:
D:        dungeon_sprint_1 [red_sonja_temple_1, red_sonja_temple_small_1]

Skill      XL: |  1  2  3  4  5  6  7  8  9 10 11 12 |
---------------+-------------------------------------+-----
Stealth        | 9 14 18 25 26 27 | 27.0
Fighting       | 1 3 6 7 10 | 10.5
Short Blades   | 1 5 7 10 12 13 | 13.4
Dodging        | 7 10 14 18 19 | 19.9
Evocations     | 7 10 12 15 16 | 16.2

Action                     |  1- 3 |  4- 6 |  7- 9 | 10-12 || total
---------------------------+-------+-------+-------+-------++-------
  Melee: Club              |     5 |       |       |       ||     5
         Dagger            |     1 |     3 |       |       ||     4
         Rapier            |       |     1 |    76 |   257 ||   334
         Punch             |       |       |     1 |     3 ||     4
 Invoke: Call Merchant     |       |       |       |     3 ||     3
  Evoke: Wand              |     2 |     4 |       |    26 ||    32
         Lightning rod     |       |       |       |     7 ||     7
    Use: Potion            |     2 |       |       |     7 ||     9
         Scroll            |       |       |       |    15 ||    15
   Stab: Sleeping          |     1 |     3 |     7 |    25 ||    36
         Distracted        |       |       |       |     2 ||     2
 Armour: Robe              |     1 |       |       |    13 ||    14
         Swamp dragon scal |       |       |       |     4 ||     4
  Dodge: Dodged            |     1 |       |       |   254 ||   255
